 Dungeon Sprint DCSS version 0.31-a0-848-gaac375c287 (webtiles) character file.

Game seed: 17117047048533054420

7115 sircluck the Grappler (level 10, -3/115 HPs)
             Began as a Troll Berserker on Oct 4, 2023.
             Was the Champion of Trog.
             Slain by a blink frog (9 damage)
             ... in the Dungeon (Sprint III: "The Ten Rune Challenge").
             The game lasted 00:02:41 (730 turns).

sircluck the Grappler (Troll Berserker)              Turns: 730, Time: 00:02:42

Health: -3/115     AC:  6    Str: 31    XL:     10   Next: 85%
Magic:  9/9        EV: 13    Int:  1    God:    Trog [******]
Gold:   38         SH:  0    Dex:  9    Spells: 9/9 levels left

rFire   . .          .
                       - Unarmed
rCold   . . .        (no shield)
rNeg    + . .        o - +2 robe {rN+}
rPois   .            (helmet restricted)
rElec   .            (no cloak)
rCorr   .            (gloves unavailable)
SInv    .            (boots unavailable)
Will    .....        (no amulet)
Stlth   ++++         (no ring)
HPRegen 1.19/turn    (no ring)
MPRegen 0.11/turn

%: no teleportation
@: no status effects
A: large, unfitting armour, claws 3, regeneration 1, shaggy fur 1, tough skin 1,
camouflage 1, dopey 1
a: Renounce Religion, Berserk, Trog's Hand, Brothers in Arms


You were in the Dungeon.
You worshipped Trog.
Trog was exalted by your worship.
You visited 1 branch You collected 38 gold pieces.

Inventory:

Armour
 a - a +0 animal skin
 o - a +2 robe of positive energy (worn)
Wands
 h - a wand of mindburst (12)
Scrolls
 g - a scroll of blinking
 i - a scroll of immolation {unknown}
 j - 3 scrolls of identify
 l - a scroll of torment {unknown}
Potions
 c - 2 potions of heal wounds
 d - a potion of haste
 e - 2 potions of magic
 f - a potion of berserk rage
 k - 4 potions of enlightenment
 m - a potion of might {unknown}
Miscellaneous
 n - a sack of spiders


   Skills:
 + Level 11.8 Fighting
 + Level 11.8 Dodging
 + Level 8.1 Stealth
 + Level 13.9 Unarmed Combat


You had 9 spell levels left.
You didn't know any spells.
Your spell library was empty.

Dungeon Overview and Level Annotations

Branches:
Dungeon (1/1)

Altars:
Cheibriados
Dithmenos
Elyvilon
Fedhas
Gozag
Hepliaklqana
Kikubaaqudgha
Makhleb
Nemelex Xobeh
Okawaru
Qazlal
Ru
Sif Muna
Trog
Uskayaw
Vehumet
Wu Jian
Xom
Yredelemnul
Zin
The Shining One
Jiyva
Lugonu


Innate Abilities, Weirdness & Mutations

You are too large for most types of armour.
You have claws for hands.
Your natural rate of healing is unusually fast.
You are covered in fur. (AC +1)
You have tough skin. (AC +1)
Your skin changes colour to match your surroundings (Stealth+).
You are dopey. (Int -2)


Message History

You mangle the blink frog!!
You kill the blink frog!
Trog accepts your kill.
The blink frog blinks!
The blink frog closely misses you.
Unknown command.
Unknown command.
You mangle the blink frog!!
The blink frog is heavily wounded.
The blink frog hits you.
* * * LOW HITPOINT WARNING * * *
You miss the blink frog.
The blink frog is heavily wounded.
The blink frog blinks!
The blink frog hits you.
* * * LOW HITPOINT WARNING * * *
Unknown command.
Unknown command.
You mangle the blink frog!!
You kill the blink frog!
Trog accepts your kill. Trog grants you a weapon!
Something appears at your feet!
You see here a +3 executioner's axe.
The blink frog closely misses you.
Unknown command.
Unknown command.
You miss the blink frog. The blink frog hits you.
* * * LOW HITPOINT WARNING * * *
The blink frog blinks!
You closely miss the blink frog. The blink frog hits you!
* * * LOW HITPOINT WARNING * * *
You mangle the blink frog!!
The blink frog is almost dead.
The blink frog hits you!
* * * LOW HITPOINT WARNING * * *
You barely miss the blink frog.
The blink frog is almost dead.
The blink frog barely misses you.
You closely miss the blink frog.
The blink frog is almost dead.
The blink frog hits you!
You die...

▓:.)..#.~~≈~~~....#.⌠.#__#...#+##
▓.....#.~≈~~~.....#...#__#...#..~
▓.....#.~~~.......#'###__#...#.#~
▓'#####...........#.).#__#...'.#.
▓.................#___#__'...#.#.
▓▓▓▓▓▓▓▓▓▓▓▓▓▓▓▓▓▓▓▓▓▓▓▓▓▓▓▓▓▓▓▓▓
≈~§§§~~≈♣♣.....♣♣♣♣~~~....
.§§§≈§≈~♣♣.≈≈≈≈†♣♣†♣≈≈≈≈≈≈
~§~§§§§§~@F....#.~♣♣♣♣♣♣♣♣
~§§§§§§~♣♣♣♣♣♣♣#..♣ ≈≈§§§§§≈♣
###+ ##+######


You could see a blink frog.

Vanquished Creatures
  Josephine (D)
  A centaur warrior (D)
  A deep elf pyromancer (D)
  2 cane toads (D)
  An unseen horror (D)
  A rime drake (D)
  A komodo dragon (D)
  4 blink frogs (D)
  3 wandering mushrooms (D)
  A shadow (D)
  A spatial vortex (D)
  A swamp drake (D)
  2 centaurs (D)
  An earth elemental (D)
  A necrophage (D)
  A water elemental (D)
  A scorpion (D)
  5 killer bees (D)
  A jelly (D)
  A wizard (D)
  Jessica (D)
  A necromancer (D)
  3 humans (D)
  A kobold demonologist (D)
  2 endoplasms (D)
39 creatures vanquished.

Vanquished Creatures (collateral kills)
  A queen bee (D)
  27 killer bees (D)
28 creatures vanquished.

Grand Total: 67 creatures vanquished

Notes
Turn   | Place    | Note
-------+----------+-------------------------------------------
     0 | D        | sircluck the Troll Berserker began the quest for the Orb.
     0 | D        | Reached XP level 1. HP: 22/22 MP: 0/0
    20 | D        | Noticed Jessica
    22 | D        | Killed Jessica
    22 | D        | Reached ** piety under Trog
    23 | D        | Reached skill level 4 in Unarmed Combat
    23 | D        | Reached XP level 2. HP: 32/32 MP: 1/1
    23 | D        | Reached XP level 3. HP: 39/39 MP: 2/2
    48 | D        | Noticed a scorpion
    60 | D        | Killed a scorpion
    61 | D        | Reached skill level 5 in Fighting
    61 | D        | Reached skill level 6 in Unarmed Combat
    61 | D        | Reached XP level 4. HP: 47/50 MP: 3/3
    83 | D        | Gained mutation: Armour fits poorly on your strangely
                  | shaped body. [potion of mutation]
    84 | D        | Lost mutation: Armour fits poorly on your strangely shaped
                  | body. [potion of mutation]
    84 | D        | Gained mutation: You occasionally lose the ability to read
                  | scrolls when taking damage. [potion of mutation]
    84 | D        | Gained mutation: You are somewhat resistant to further
                  | mutation. [potion of mutation]
    85 | D        | Lost mutation: You occasionally lose the ability to read
                  | scrolls when taking damage. [potion of mutation]
    85 | D        | Lost mutation: You are somewhat resistant to further
                  | mutation. [potion of mutation]
    85 | D        | Gained mutation: Your skin changes colour to match your
                  | surroundings (Stealth+). [potion of mutation]
    85 | D        | Gained mutation: You are dopey. (Int -2) [potion of
                  | mutation]
   100 | D        | Noticed a water elemental
   107 | D        | Killed a water elemental
   107 | D        | Reached *** piety under Trog
   108 | D        | Reached skill level 5 in Dodging
   108 | D        | Reached skill level 1 in Stealth
   108 | D        | Reached XP level 5. HP: 27/57 MP: 4/4
   145 | D        | Found a glowing silver altar of Zin.
   145 | D        | Found a glowing golden altar of the Shining One.
   145 | D        | Found a white marble altar of Elyvilon.
   153 | D        | Found a radiant altar of Vehumet.
   153 | D        | Found a shimmering blue altar of Sif Muna.
   153 | D        | Found an ancient bone altar of Kikubaaqudgha.
   159 | D        | Reached skill level 7 in Unarmed Combat
   178 | D        | Found a basalt altar of Yredelemnul.
   178 | D        | Found a shadowy altar of Dithmenos.
   178 | D        | Found a sacrificial altar of Ru.
   186 | D        | Reached **** piety under Trog
   189 | D        | Reached XP level 6. HP: 61/68 MP: 5/5
   204 | D        | Noticed a deep elf pyromancer
   212 | D        | Killed a deep elf pyromancer
   212 | D        | Reached ***** piety under Trog
   213 | D        | Reached skill level 9 in Unarmed Combat
   213 | D        | Reached XP level 7. HP: 41/79 MP: 6/6
   249 | D        | Found a hide-covered altar of Uskayaw.
   249 | D        | Found an iron altar of Okawaru.
   249 | D        | Found a bloodstained altar of Trog.
   249 | D        | Found an ornate altar of the Wu Jian Council.
   249 | D        | Noticed a human
   249 | D        | Noticed a human
   253 | D        | Killed a human
   256 | D        | Killed a human
   257 | D        | Reached XP level 8. HP: 81/88 MP: 7/7
   277 | D        | Reached skill level 10 in Unarmed Combat
   282 | D        | Found a blossoming altar of Fedhas.
   282 | D        | Found a stormy altar of Qazlal.
   282 | D        | Found a snail-covered altar of Cheibriados.
   282 | D        | Found a burning altar of Makhleb.
   282 | D        | Found a shimmering altar of Xom.
   283 | D        | Found a hazy altar of Hepliaklqana.
   283 | D        | Found an opulent altar of Gozag.
   283 | D        | Found a sparkling altar of Nemelex Xobeh.
   283 | D        | Found a corrupted altar of Lugonu.
   283 | D        | Found a viscous altar of Jiyva.
   292 | D        | Reached skill level 5 in Stealth
   319 | D        | Noticed Josephine
   328 | D        | Killed Josephine
   329 | D        | Reached skill level 11 in Unarmed Combat
   329 | D        | Reached XP level 9. HP: 86/98 MP: 8/8
   357 | D        | Received a gift from Trog
   374 | D        | Noticed a centaur warrior
   377 | D        | Killed a centaur warrior
   384 | D        | Reached ****** piety under Trog
   385 | D        | Reached skill level 10 in Fighting
   408 | D        | Reached skill level 10 in Dodging
   410 | D        | Received a gift from Trog
   415 | D        | Reached skill level 12 in Unarmed Combat
   417 | D        | Received a gift from Trog
   421 | D        | Noticed a queen bee
   424 | D        | Received a gift from Trog
   459 | D        | Killed a queen bee
   459 | D        | Received a gift from Trog
   460 | D        | Reached XP level 10. HP: 11/111 MP: 9/9
   593 | D        | Reached skill level 13 in Unarmed Combat
   595 | D        | Received a gift from Trog
   625 | D        | Noticed a cane toad
   625 | D        | Noticed a cane toad
   632 | D        | Killed a cane toad
   636 | D        | Killed a cane toad
   723 | D        | Received a gift from Trog
   728 | D        | HP: 4/115 [blink frog (12)]
   730 | D        | Slain by a blink frog

Illustrated notes

Levels and vault maps discovered:
D:        dungeon_sprint_mu [sprint_mu_entry_forest, sprint_mu_temple_rooms,
          sprint_mu_d1_horrors, sprint_mu_d2_genie, sprint_mu_d3_branching,
          sprint_mu_orc_legion, sprint_mu_elf_gauntlet, sprint_mu_hive_nellie,
          sprint_mu_lair_fedhas, sprint_mu_vaults_butterflies,
          sprint_mu_slime_circle, sprint_mu_shoals_kraken,
          sprint_mu_snake_twists, sprint_mu_blade_basic, sprint_mu_crypt_lich,
          sprint_mu_tomb_spiral, sprint_mu_vestibule_basic,
          sprint_mu_gehenna_hellfire, sprint_mu_dis_giant,
          sprint_mu_tartarus_statrot, sprint_mu_cocytus_islands, sprint_mu_zot1]

Skill      XL: |  1  2  3  4  5  6  7  8  9 10 |
---------------+-------------------------------+-----
Fighting       | 3 5 6 7 8 9 10 11 | 11.8
Dodging        | 3 4 5 6 7 8 9 10 11 | 11.8
Unarmed Combat | 4 6 7 9 11 12 13 | 13.9
Stealth        | 1 2 4 5 7 8 |  8.1

Action                     |  1- 3 |  4- 6 |  7- 9 | 10-12 || total
---------------------------+-------+-------+-------+-------++-------
  Melee: Unarmed           |    21 |    23 |    69 |    54 ||   167
         Punch             |       |     2 |     7 |     4 ||    13
 Invoke: Brothers in Arms  |       |       |     2 |       ||     2
         Berserk           |       |       |     1 |       ||     1
    Use: Potion            |       |     3 |     1 |       ||     4
   Stab: Sleeping          |     1 |     2 |     4 |     1 ||     8
 Armour: Animal skin       |     5 |    12 |     9 |       ||    26
         Robe              |       |       |    43 |    48 ||    91
  Dodge: Dodged            |    10 |     7 |    42 |    14 ||    73

Table legend: (Time is in decaauts)
 A = Elapsed time spent in this place.
 B = Non-inter-level travel time spent in this place.
 C = Inter-level travel time spent in this place.
 D = Time resting spent in this place.
 E = Time spent auto-exploring this place.
 F = Levels seen in this place.
 G = Mean time per level.
                   A        B        C        D        E       F      G
               +--------+--------+--------+--------+--------+-----+--------+
         Total |    709 |    699 |     10 |    168 |    175 |   1 |  709.0 |
       Dungeon |    709 |    699 |     10 |    168 |    175 |   1 |  709.0 |
               +--------+--------+--------+--------+--------+-----+--------+

Top non-repeatable levels by time:
       D: 709 daAuts
